 Dungeon Crawl Stone Soup version 0.29.1 (webtiles) character file.

Game seed: 12443935828309673082

1649 swoooce the Cleaver (level 8, 0/67 HPs)
             Began as a Minotaur Berserker on Sept 13, 2022.
             Was a Priest of Trog.
             Slain by a sky beast (5 damage)
             ... on level 6 of the Dungeon.
             The game lasted 00:57:36 (5649 turns).

swoooce the Cleaver (Minotaur Berserker)            Turns: 5649, Time: 00:57:36

Health: 0/67       AC: 11    Str: 22    XL:     8   Next: 67%
Magic:  6/6        EV:  9    Int:  3    God:    Trog [***...]
Gold:   281        SH:  5    Dex: 15    Spells: 7/7 levels left

rFire   . . .      SeeInvis .   a - +1 hand axe
rCold   + . .      Faith    .   (no shield)
rNeg    . . .      Spirit   .   c - +1 chain mail
rPois   .          Reflect  +   (helmet restricted)
rElec   .          Harm     .   (no cloak)
rCorr   .          Rampage  .   F - +0 pair of gloves
Will    +....                   (no boots)
Stlth   ..........              k - amulet of reflection
HPRegen 0.21/turn               w - ring of willpower
MPRegen 0.10/turn               W - ring of protection from cold

@: about to teleport
A: horns 2, retaliatory headbutt, agile 1, low MP 1, MP-powered wands
a: Renounce Religion, Berserk, Trog's Hand


You were on level 6 of the Dungeon.
You worshipped Trog.
Trog was most pleased with you.
You visited 1 branch of the dungeon, and saw 6 of its levels.

You collected 281 gold pieces.

Inventory:

Hand Weapons
 a - a +1 hand axe (weapon)
 i - a +0 hand axe
Missiles
 d - 34 stones (quivered)
 n - 4 javelins
 t - 2 poisoned darts
 y - 6 boomerangs
 G - 4 large rocks
Armour
 b - a +0 animal skin
 c - a +1 chain mail (worn)
 g - a +0 robe
 l - a +0 ring mail
 q - a +0 buckler
 r - a +0 scale mail
 F - a +0 pair of gloves (worn)
Jewellery
 k - an amulet of reflection (around neck)
 o - a +6 ring of intelligence
 w - a ring of willpower (left hand)
 W - a ring of protection from cold (right hand)
 Z - a ring of ice
Wands
 h - a wand of paralysis (5)
Scrolls
 f - a scroll of teleportation
 j - a scroll of butterflies {unknown}
 p - a scroll of blinking {unknown}
 u - 2 scrolls of magic mapping
 v - 3 scrolls of identify
 x - a scroll of noise
 J - a scroll of amnesia
 T - a scroll of fear
Potions
 e - a potion of might
 m - 2 potions of flight
 s - a potion of resistance
 I - 2 potions of attraction
 K - 4 potions of brilliance
 R - a potion of degeneration


   Skills:
 - Level 4.3 Fighting
 + Level 13.1 Axes
 - Level 2.5 Armour
 - Level 2.7 Dodging
 - Level 0.2 Stealth


You had 7 spell levels left.
You didn't know any spells.
Your spell library contained the following spells:

 Spells                   Type           Power      Damage    Failure   Level
 Summon Guardian Golem    Hex/Summ       0%         N/A       100%        3
 Orb of Destruction       Conj           0%         9d5       100%        7
 Spellforged Servitor     Conj/Summ      0%         N/A       100%        7


Dungeon Overview and Level Annotations

Branches:
Dungeon (6/15)             Temple (0/1) D:5

Altars:
Hepliaklqana
Ru
Zin

Shops:
D:1 [


Innate Abilities, Weirdness & Mutations

You have a pair of horns on your head.
You reflexively headbutt those who attack you in melee.
You are agile. (Dex +4, Str/Int -1)
Your magical capacity is low. (-10% MP)
You expend magic power (3 MP) to strengthen your wands.


Message History

You barely miss something. Something hits you but does no damage.
A sky beast appears from thin air!
Reactivating autopickup.
The sky beast hits you but does no damage.
You miss the sky beast. Your headbutt misses the sky beast.
The sky beast is lightly wounded.
The sky beast flickers out of sight!
Deactivating autopickup; reactivate with Ctrl-A.
Something hits you.
* * * LOW HITPOINT WARNING * * *
Something shocks you.
* * * LOW HITPOINT WARNING * * *
There is a strange disturbance nearby!
Something hits you but does no damage.
There is a strange disturbance nearby!
There is a strange disturbance nearby!
Something hits you but does no damage.
You see here a poisoned dart.
t - a poisoned dart Something hits you but does no damage.
You see here a poisoned dart.
t - 2 poisoned darts (gained 1)
A sky beast appears from thin air!
Reactivating autopickup.
The sky beast hits you but does no damage.
You closely miss the sky beast. You hit the sky beast but do no damage.
The sky beast hits you but does no damage.
You closely miss the sky beast. You hit the sky beast.
The sky beast is moderately wounded.
The sky beast hits you.
* * * LOW HITPOINT WARNING * * *
The sky beast shocks you.
* * * LOW HITPOINT WARNING * * *
As you read the scroll of teleportation, it crumbles to dust.
You feel strangely unstable. The sky beast hits you.
* * * LOW HITPOINT WARNING * * *
The sky beast shocks you.
You die...

.##.##### ..(((..
....# #...# # ##..(##
#.####...((#####.#
#........)().....#
####.......##
#...Y@.(# #......(#
######...#(#
.........#.#
########.#(##########
#.#.hY)).)...#
#.##########.# #.#
#.# #.# #.#


You could see a sky beast.

Vanquished Creatures
  A sky beast (D:4)
  2 black bears
  An ogre (D:6)
  A bullfrog (D:5)
  A gnoll sergeant (D:6)
  2 necrophages (D:6)
  5 wights (D:6)
  6 hounds
  2 jellies (D:4)
  A gnoll bouda (D:5)
  3 iguanas
  4 orc wizards
  11 gnolls
  7 adders
  2 river rats (D:3)
  A shadow imp (D:5)
  2 white imps
  6 dart slugs
  11 orcs
  8 bats
  11 endoplasms
  5 giant cockroaches
  6 goblins
  9 hobgoblins
  4 jackals (D:3)
  5 quokkas
  7 ball pythons
  2 frilled lizards (D:1)
  14 kobolds
  6 rats
146 creatures vanquished.

Vanquished Creatures (others)
  A plant (D:3)
1 creature vanquished.

Grand Total: 147 creatures vanquished

Notes
Turn   | Place    | Note
-------+----------+-------------------------------------------
     0 | D:1      | swoooce the Minotaur Berserker began the quest for the Orb.
     0 | D:1      | Reached XP level 1. HP: 19/19 MP: 0/0
   275 | D:1      | Reached XP level 2. HP: 23/27 MP: 1/1
   337 | D:1      | Reached skill level 4 in Axes
   344 | D:1      | You fall into a shaft and drop 1 floor!
   655 | D:2      | Reached ** piety under Trog
   656 | D:2      | Reached XP level 3. HP: 31/33 MP: 2/2
   825 | D:1      | Found Qaonwepad's Antique Armour Shoppe.
  1058 | D:1      | Found a faded altar of an unknown god.
  1618 | D:2      | Reached skill level 5 in Axes
  1618 | D:2      | Reached XP level 4. HP: 36/41 MP: 3/3
  2429 | D:3      | Found a glowing drain.
  2438 | D:3      | Reached skill level 6 in Axes
  2441 | D:3      | Reached XP level 5. HP: 35/47 MP: 4/4
  3319 | D:4      | Reached *** piety under Trog
  3588 | D:3      | Gained mutation: Your body sometimes deteriorates upon
                  | taking damage. [potion of mutation]
  3588 | D:3      | Gained mutation: Your movements are slightly less
                  | encumbered by armour. (ER -2) [potion of mutation]
  3588 | D:3      | Gained mutation: You are partially covered in iridescent
                  | scales. (AC +2) [potion of mutation]
  3589 | D:3      | Lost mutation: Your body sometimes deteriorates upon taking
                  | damage. [potion of mutation]
  3589 | D:3      | Lost mutation: You are partially covered in iridescent
                  | scales. (AC +2) [potion of mutation]
  3589 | D:3      | Lost mutation: Your movements are slightly less encumbered
                  | by armour. (ER -2) [potion of mutation]
  3589 | D:3      | Gained mutation: You expend magic power (3 MP) to
                  | strengthen your wands. [potion of mutation]
  3589 | D:3      | Gained mutation: Your magical capacity is low. (-10% MP)
                  | [potion of mutation]
  3589 | D:3      | Gained mutation: You are agile. (Dex +4, Str/Int -1)
                  | [potion of mutation]
  3596 | D:4      | Reached skill level 7 in Axes
  3735 | D:4      | Reached XP level 6. HP: 40/53 MP: 4/4
  3924 | D:4      | Noticed a sky beast
  3934 | D:4      | Killed a sky beast
  3935 | D:4      | Reached skill level 8 in Axes
  4068 | D:4      | Found a sacrificial altar of Ru.
  4112 | D:4      | Found a glowing silver altar of Zin.
  4258 | D:5      | Entered Level 5 of the Dungeon
  4268 | D:5      | Found a staircase to the Ecumenical Temple.
  4331 | D:5      | Found a hazy altar of Hepliaklqana.
  4537 | D:5      | Reached skill level 9 in Axes
  4537 | D:5      | Reached XP level 7. HP: 60/60 MP: 5/5
  4666 | D:5      | Reached skill level 10 in Axes
  5246 | D:6      | Reached skill level 11 in Axes
  5250 | D:6      | Reached XP level 8. HP: 36/67 MP: 6/6
  5548 | D:6      | Reached skill level 12 in Axes
  5636 | D:6      | Reached skill level 13 in Axes
  5649 | D:6      | Slain by a sky beast

Illustrated notes

Levels and vault maps discovered:
D:1:      zaba_arrival_water, layout_loops_ring,
          hellmonk_ecumenical_altar_slurped_away, serial_shops,
          nicolae_diamond_shop
D:2:      minmay_inner_zag, layout_basic, minmay_tromino_v7
D:3:      layout_basic, portal_sewer_entry_b, serial_bayou_pond_d
D:4:      layout_rooms, mainiacjoe_overflow_two_lobes, minmay_misc_feat_hallway
D:5:      layout_basic, mainiacjoe_overflow_alcove_1,
          minmay_temple_entry_mini_moons, nicolae_fountain_basement
D:6:      layout_loops_ring, serial_shops, shop

Skill      XL: |  1  2  3  4  5  6  7  8 |
---------------+-------------------------+-----
Axes           | 4 5 6 7 9 11 13 | 13.1
Fighting       | 4 |  4.3
Armour         | |  2.5
Dodging        | |  2.7
Stealth        | |  0.2

Action                   |  1- 3 |  4- 6 |  7- 9 || total
-------------------------+-------+-------+-------++-------
Melee: Hand axe          |    86 |   145 |   100 ||   331
       Headbutt          |    10 |    21 |    18 ||    49
       Punch             |       |       |     1 ||     1
Throw: Stone             |       |    24 |    12 ||    36
       Dart              |       |       |    16 ||    16
Invok: Berserk           |       |     3 |     4 ||     7
  Use: Potion            |     1 |     7 |       ||     8
       Scroll            |       |     9 |     2 ||    11
 Stab: Sleeping          |     2 |       |       ||     2
Armor: Animal skin       |     8 |    14 |       ||    22
       Chain mail        |       |    30 |    45 ||    75
Dodge: Dodged            |    44 |    62 |    27 ||   133
Block: Other             |    15 |    30 |    14 ||    59
       Reflection        |       |     1 |       ||     1
